 Dungeon Sprint DCSS version 0.31-a0-844-gdc52ec4e09 (webtiles) character file.

Game seed: 5456687700856375127

674 garrulousMonolith the Spear-Bearer (level 7, -8/88 HPs)
             Began as a Demonspawn Fighter on Sept 28, 2023.
             Was a Follower of Yredelemnul.
             Mangled by a jumping spider (12 damage)
             ... in the Dungeon (Sprint VII: "The Pits").
             The game lasted 00:02:19 (552 turns).

garrulousMonolith the Spear-Bearer (DsFi)            Turns: 552, Time: 00:02:20

Health: -8/88      AC: 10    Str: 17    XL:     7   Next: 33%
Magic:  12/12      EV: 11    Int: 11    God:    Yredelemnul [*.....]
Gold:   0          SH: 11    Dex: 12    Spells: 6/6 levels left

rFire   . . .        k - +2 trident
rCold   . . .        c - +0 buckler
rNeg    . . .        p - +3 scale mail
rPois   .            (no helmet)
rElec   .            (no cloak)
rCorr   .            (no gloves)
SInv    .            (no boots)
Will    .....        (no amulet) Stlth
                     (no ring)
HPRegen 0.34/turn    (no ring)
MPRegen 0.13/turn

%: no teleportation
@: berserking, very quick
A: large bone plates 2, ignite blood 1, demonic magic 1
a: Renounce Religion, Recall Undead Harvest


You were in the Dungeon.
You worshipped Yredelemnul.
Yredelemnul was noncommittal.
You visited 1 branch

Inventory:

Hand Weapons
 a - a +0 trident
 k - a +2 trident (weapon)
 q - a +0 dagger of electrocution
Missiles
 r - 4 poisoned darts
Armour
 b - a +0 scale mail
 c - a +0 buckler (worn)
 p - a +3 scale mail (worn)
Scrolls
 j - a scroll of blinking
 m - 2 scrolls of vulnerability
 n - 5 scrolls of amnesia
 o - a scroll of butterflies
Potions
 d - a potion of might
 e - 3 potions of curing
 f - 5 potions of heal wounds
 g - a potion of haste
 h - 4 potions of magic
 i - 2 potions of berserk rage
 l - 2 potions of invisibility


   Skills:
 + Level 6.9 Fighting
 * Level 8.0 Polearms
 + Level 6.3 Armour
 + Level 5.3 Dodging
 + Level 6.1 Shields
 + Level 7.7 Invocations


You had 6 spell levels left.
You didn't know any spells.
Your spell library was empty.

Dungeon Overview and Level Annotations

Branches:
Dungeon (1/1)

Altars:
Ashenzari
Cheibriados
Dithmenos
Fedhas
Gozag
Hepliaklqana
Kikubaaqudgha
Makhleb
Nemelex Xobeh
Okawaru
Qazlal
Ru
Sif Muna
Trog
Uskayaw
Vehumet
Wu Jian
Xom
Yredelemnul
Jiyva
Lugonu


Innate Abilities, Weirdness & Mutations

You are mostly covered in large bone plates. (SH +6)
Your demonic aura sometimes causes spilled blood to erupt in flames.
Spells you cast may paralyse adjacent enemies.


Message History

The efreet is lightly wounded.
The jackal barely misses you.
The efreet hits you with a +4 scimitar of flaming!
The efreet burns you.
Okay, then.
Okay, then.
You aren't carrying any items that you can evoke.
A red film seems to cover your vision as you go berserk!
You feel yourself moving faster!
You feel mighty! You block the jackal's attack.
The jumping spider pounces on you! You block the jumping spider's attack.
You block the efreet's attack. The jackal bites you.
You puncture the efreet!
The efreet is moderately wounded.
You block the jumping spider's attack. The jumping spider bites you.
The efreet closely misses you. You block the jackal's attack.
You hit the efreet.
The efreet is heavily wounded.
The jumping spider pounces on you.
You are caught in a web!
The jumping spider bites you.
The jackal bites you but does no damage.
You block the efreet's attack. You block the jumping spider's attack.
The jumping spider bites you. The jackal closely misses you.
You hit the efreet but do no damage.
The efreet is heavily wounded.
The jumping spider leaps!
You block the efreet's attack.
You hit the efreet but do no damage.
The efreet is heavily wounded.
You block the jackal's attack.
You puncture the efreet!
The efreet is severely wounded.
The jackal bites you but does no damage.
The efreet gestures at you. The bolt of fire hits you!!
* * * LOW HITPOINT WARNING * * *
The bolt of fire hits your orc zombie!!
Your orc zombie is destroyed!
The jumping spider pounces on you!
You die...
Your body rises from the dead as a mindless zombie.

#.##Z#).#'###...<...#
#.#.....Z..##.......#
#.#........##.......#
#)###########.......#
#.)#.#.##..##########
#)))....#Z######
##.#.#.##Z#....#
#.......#)#h...#
##.#.#.##Z@sh..+
#.......#Z#R...#
##.#.#..')#....#
###############


You could see an efreet (ally target), a jumping spider, 2 jackals, a friendly
kobold brigand zombie, 2 friendly orc zombies and a friendly centaur zombie.

Vanquished Creatures
  2 floating eyes (D)
  A water moccasin (D)
  An ogre (D)
  A centaur (D)
  A kobold brigand (D)
  A quasit (D)
  An orc priest (D)
  An iguana (D)
  A gnoll (D)
  7 orcs (D)
  A giant cockroach (D)
  3 hobgoblins (D)
  A jackal (D)
  A kobold (D)
  A bat (D)
  A goblin (D)
  2 orc zombies (D)
  A rat (D)
28 creatures vanquished.

Vanquished Creatures (collateral kills)
  An orc priest (D)
1 creature vanquished.

Vanquished Creatures (others)
  A water moccasin zombie (D)
  A spectral quasit (D)
  An iguana zombie (D)
  A giant cockroach zombie (D)
  A gnoll zombie (D)
  A hobgoblin zombie (D)
  A kobold zombie (D)
  3 orc zombies (D)
10 creatures vanquished.

Grand Total: 39 creatures vanquished

Notes
Turn   | Place    | Note
-------+----------+-------------------------------------------
     0 | D        | garrulousMonolith the Demonspawn Fighter began the quest
                  | for the Orb.
     0 | D        | Reached XP level 1. HP: 18/18 MP: 1/1
     9 | D        | Noticed a floating eye
    11 | D        | Paralysed by a floating eye for 3 turns
    15 | D        | Killed a floating eye
    16 | D        | Reached skill level 4 in Polearms
    16 | D        | Gained mutation: Your demonic aura sometimes causes spilled
                  | blood to erupt in flames. [demonic ancestry]
    16 | D        | Reached XP level 2. HP: 26/26 MP: 1/5
    16 | D        | Reached XP level 3. HP: 31/31 MP: 1/6
    16 | D        | Gained mutation: You are partially covered in large bone
                  | plates. (SH +4) [demonic ancestry]
    16 | D        | Reached XP level 4. HP: 38/38 MP: 1/7
    19 | D        | Found a bloodstained altar of Trog.
    19 | D        | Found a shimmering blue altar of Sif Muna.
    19 | D        | Found a viscous altar of Jiyva.
    19 | D        | Found a hazy altar of Hepliaklqana.
    19 | D        | Found an opulent altar of Gozag.
    20 | D        | Found a basalt altar of Yredelemnul.
    20 | D        | Found a shimmering altar of Xom.
    20 | D        | Found an ornate altar of the Wu Jian Council.
    20 | D        | Found a sacrificial altar of Ru.
    20 | D        | Found a stormy altar of Qazlal.
    20 | D        | Found an iron altar of Okawaru.
    20 | D        | Found a sparkling altar of Nemelex Xobeh.
    20 | D        | Found a burning altar of Makhleb.
    20 | D        | Found a blossoming altar of Fedhas.
    20 | D        | Found a shadowy altar of Dithmenos.
    20 | D        | Found a snail-covered altar of Cheibriados.
    21 | D        | Found a radiant altar of Vehumet.
    21 | D        | Found a corrupted altar of Lugonu.
    22 | D        | Found a hide-covered altar of Uskayaw.
    22 | D        | Found an ancient bone altar of Kikubaaqudgha.
    22 | D        | Found a broken altar of Ashenzari.
    26 | D        | Became a worshipper of Yredelemnul the Dark
   131 | D        | Noticed a floating eye
   132 | D        | Paralysed by a floating eye for 2 turns
   135 | D        | Killed a floating eye
   136 | D        | Reached skill level 5 in Fighting
   136 | D        | Reached skill level 5 in Polearms
   136 | D        | Reached skill level 5 in Invocations
   136 | D        | Gained mutation: You are mostly covered in large bone
                  | plates. (SH +6) [demonic ancestry]
   136 | D        | Reached XP level 5. HP: 38/44 MP: 7/9
   136 | D        | Reached * piety under Yredelemnul
   308 | D        | Noticed a water moccasin
   313 | D        | Reached skill level 6 in Polearms
   313 | D        | Reached skill level 5 in Armour
   322 | D        | Killed a water moccasin
   323 | D        | Reached skill level 5 in Shields
   323 | D        | Gained mutation: Spells you cast may paralyse adjacent
                  | enemies. [demonic ancestry]
   323 | D        | Reached XP level 6. HP: 23/52 MP: 10/10
   335 | D        | Reached skill level 7 in Polearms
   433 | D        | Reached skill level 5 in Dodging
   433 | D        | Reached XP level 7. HP: 48/59 MP: 12/12
   491 | D        | Reached skill level 8 in Polearms
   536 | D        | Noticed an efreet
   536 | D        | Noticed a jumping spider
   552 | D        | HP: 4/88 [efreet/bolt of fire (32)]
   552 | D        | Mangled by a jumping spider

Illustrated notes

Levels and vault maps discovered:
D:        pitsprint [storerooms_1, entrance_room_1, metal_vault_4, armoury_1,
          mini_pit_1, grid_room_1, main_hall_1, silver_pit, the_coven_1,
          the_vestibule_1, steel_vault_1, golden_pit, hallway_of_sentries,
          crystal_vault_1, iron_vault_1, final_vault]

Skill      XL: |  1  2  3  4  5  6  7 |
---------------+----------------------+-----
Fighting       | 4 5 6 |  6.9
Polearms       | 4 5 6 7 8 |  8.0
Armour         | 4 5 6 |  6.3
Dodging        | 2 3 4 5 |  5.3
Shields        | 4 5 6 |  6.1
Invocations    | 4 5 6 7 |  7.7

Action                     |  1- 3 |  4- 6 |  7- 9 || total
---------------------------+-------+-------+-------++-------
  Melee: Trident           |     3 |    68 |    30 ||   101
    Use: Potion            |       |     4 |     1 ||     5
   Stab: Distracted        |       |     1 |       ||     1
 Armour: Scale mail        |       |    70 |    21 ||    91
  Dodge: Dodged            |       |    56 |    19 ||    75
  Block: Buckler           |       |    66 |    29 ||    95

Table legend: (Time is in decaauts)
 A = Elapsed time spent in this place.
 B = Non-inter-level travel time spent in this place.
 C = Inter-level travel time spent in this place.
 D = Time resting spent in this place.
 E = Time spent auto-exploring this place.
 F = Levels seen in this place.
 G = Mean time per level.
                   A        B        C        D        E       F      G
               +--------+--------+--------+--------+--------+-----+--------+
         Total |    548 |    548 |      0 |    273 |      0 |   1 |  548.0 |
       Dungeon |    548 |    548 |      0 |    273 |      0 |   1 |  548.0 |
               +--------+--------+--------+--------+--------+-----+--------+

Top non-repeatable levels by time:
       D: 548 daAuts
